 Dungeon Crawl Stone Soup version 0.23.2-40-g277498a001 (webtiles) character file.

Game seed: 10468025391844091851

4372 Curus the Transmogrifier (level 10, -6/65 HPs)
             Began as a Merfolk Transmuter on Sept 20, 2019.
             Was an Elder of Okawaru.
             Mangled by a sixfirhy (9 damage)
             ... summoned by a kobold demonologist
             ... on level 8 of the Dungeon.
             The game lasted 00:51:54 (8131 turns).

Curus the Transmogrifier (Merfolk Transmuter)       Turns: 8131, Time: 00:51:55

Health: -6/65      AC:  9    Str: 12    XL:     10   Next: 34%
Magic:  14/14      EV: 15    Int: 17    God:    Okawaru [****..]
Gold:   207        SH:  0    Dex: 12    Spells: 2/15 levels left

rFire    . . .     SeeInvis .     - Unarmed
rCold    . . .     Gourm    .   (no shield)
rNeg     + + .     Faith    +   l - +1 leather armour of Summer {rPois rN++ Dex-2 Stlth+}
rPois    +         Spirit   .   n - +1 hat
rElec    .         Reflect  .   (no cloak)
rCorr    .         Harm     .   m - +0 pair of gloves
MR       .....                  u - +2 pair of boots "Jich" {Int+2}
Stlth    +++.......             r - amulet of faith
HPRegen  0.20/turn              j - ring of stealth
MPRegen  0.14/turn              (no ring)

@: no status effects
A: change form in water, swift swim, stealthy swim
a: Heroism, Renounce Religion


You were on level 8 of the Dungeon.
You worshipped Okawaru.
Okawaru was greatly pleased with you.
You were not hungry.

You visited 1 branch of the dungeon, and saw 8 of its levels.

You collected 382 gold pieces.
You spent 175 gold pieces at shops.

Inventory:

Missiles
 a - 67 arrows
Armour
 b - a +0 robe
 c - a +2 pair of boots
 l - the +1 leather armour of Summer (worn) {rPois rN++ Dex-2 Stlth+}
   (You found it on level 4 of the Dungeon)

   It affects your dexterity (-2).
   It protects you from poison.
   It greatly protects you from negative energy.
   It makes you more stealthy.
 m - a +0 pair of gloves (worn)
 n - a +1 hat (worn)
 u - the +2 pair of boots "Jich" (worn) {Int+2}
   (You found it on level 7 of the Dungeon)

   It affects your intelligence (+2).
Jewellery
 j - a ring of stealth (left hand)
 k - an uncursed ring of teleportation
 p - an uncursed amulet of inaccuracy
 r - an amulet of faith (around neck)
Wands
 q - a wand of acid (13)
Scrolls
 e - a scroll of magic mapping
 f - 5 scrolls of remove curse
 g - 5 scrolls of teleportation
 i - 5 scrolls of identify
 s - a scroll of enchant weapon
 t - a scroll of blinking
Potions
 h - 3 potions of heal wounds
 o - a potion of magic
Comestibles
 d - 18 rations
 v - a chunk of flesh


   Skills:
 - Level 1.1 Fighting
 + Level 8.0 Dodging
 - Level 10.0 Unarmed Combat
 - Level 3.1 Spellcasting
 - Level 11.4 Transmutations
 - Level 4.4 Ice Magic
 - Level 3.2 Poison Magic


You had 2 spell levels left.
You knew the following spells:

 Your Spells              Type           Power        Failure   Level  Hunger
a - Beastly Appendage     Tmut           #####.       1%          1    None
b - Spider Form           Tmut/Pois      ####......   3%          3    ###....
c - Blade Hands           Tmut           #####.....   5%          5    ######.
d - Ice Form              Ice/Tmut       ####....     9%          4    ####...

Your spell library contained the following spells:

 Spells                   Type           Power        Failure   Level  Hunger
 Sticks to Snakes         Tmut           #####...     1%          2    ##.....
 Ensorcelled Hibernation  Hex/Ice        ##....       13%         2    ##.....
 Corona                   Hex            #......      22%         1    None
 Slow                     Hex            #.......     32%         2    ##.....
 Confuse                  Hex            #.......     54%         3    ###....
 Dazzling Spray           Conj/Hex       #.....       54%         3    ###....
 Inner Flame              Hex/Fire       #.......     54%         3    ###....
 Portal Projectile        Hex/Tloc       #.....       54%         3    ###....
 Tukima's Dance           Hex            #.......     54%         3    ###....
 Cause Fear               Hex            #.........   91%         4    ####...
 Leda's Liquefaction      Hex/Erth       #.........   91%         4    ####...


Dungeon Overview and Level Annotations

Branches:
Dungeon (8/15)             Temple (0/1) D:7
   Lair: D:8-11

Altars:
Fedhas
Kikubaaqudgha
Makhleb
Nemelex Xobeh
Okawaru
Qazlal
Uskayaw
Xom

Shops:
D:4 *   D:5 [   D:7 %

Annotations:
D:6 Grinder


Message History

The big kobold closely misses you.
A gnoll shaman comes into view. It is wielding a +0 whip.
You see here a wyvern corpse.
The kobold demonologist casts a spell.
The howler monkey hoots and howls with incredible vigour!
You hear a shout!
The howler monkey hoots and howls with incredible vigour!
The sixfirhy hits you but does no damage.
The sixfirhy misses you.
The shadow imp grinds its teeth.
The sixfirhy hits you but does no damage. x2
The sixfirhy hits you.
* * * LOW HITPOINT WARNING * * *
The sixfirhy shocks you!
* * * LOW HITPOINT WARNING * * *
There is a stone staircase leading up here.
The sixfirhy hits you.
* * * LOW HITPOINT WARNING * * *
The sixfirhy shocks you!
You die...

#..# #....) #..#
#.z### ####..###
#...K5 #.......#
#...#r #.......#
#(..#. #.......#
###z4.#.
#...h...###r.....Y
#.....z.5..†zK.###
#@3Ko..).###KK....
#......).# ###...[
#......).# ##...
########.### ###
#...# #...###
#.....# #...#..#
#...##....


You could see a sixfirhy, a big kobold, a howler monkey, a wight, a shadow imp
and an orc.

Vanquished Creatures
  Harold (D:7)
  Pikel (D:7)
  A gargoyle (D:7)
  A hippogriff (D:7)
  A wyvern (D:8)
  A water moccasin (D:8)
  An orc warrior (D:8)
  A phantom (D:6)
  3 ice beasts
  A sky beast (D:7)
  A slave (D:6)
  3 ogres
  7 bullfrogs
  A wyvern skeleton (D:6)
  3 scorpions
  A killer bee (D:7)
  A vampire bat (D:3)
  3 howler monkeys
  A crimson imp (D:5)
  A bullfrog zombie (D:7)
  A centaur zombie (D:8)
  2 hounds
  4 orc priests
  A gnoll shaman (D:7)
  4 iguanas
  An iron imp (D:4)
  3 orc wizards
  3 worker ants
  2 hound skeletons
  7 gnolls
  5 adders
  A shadow imp (D:5)
  6 oozes
  4 worms
  4 dart slugs
  3 leopard geckos
  15 orcs
  3 ball pythons
  2 bat skeletons (D:3)
  4 bat zombies (D:3)
  7 giant cockroaches
  11 goblins
  7 hobgoblins
  9 jackals
  3 kobolds
  4 quokkas
  12 bats
  5 frilled lizards
  A jackal skeleton (D:4)
  9 rats
177 creatures vanquished.

Vanquished Creatures (others)
  2 slaves (D:7)
  An ogre (D:7)
  2 hounds (D:7)
  A worker ant (D:7)
6 creatures vanquished.

Grand Total: 183 creatures vanquished

Notes
Turn   | Place    | Note
-------+----------+-------------------------------------------
     0 | D:1      | Curus the Merfolk Transmuter began the quest for the Orb.
     0 | D:1      | Reached XP level 1. HP: 15/15 MP: 3/3
   199 | D:1      | Reached XP level 2. HP: 9/21 MP: 5/5
   583 | D:1      | Reached XP level 3. HP: 25/26 MP: 6/6
   609 | D:1      | Learned a level 3 spell: Spider Form
   983 | D:2      | Reached skill level 3 in Transmutations
  1110 | D:2      | Reached skill level 1 in Poison Magic
  1344 | D:2      | You fall through a shaft for 2 floors!
  1388 | D:2      | Found a sparkling altar of Nemelex Xobeh.
  1592 | D:2      | Reached XP level 4. HP: 32/32 MP: 7/7
  2265 | D:3      | Reached skill level 4 in Transmutations
  2544 | D:3      | Found an ancient bone altar of Kikubaaqudgha.
  2551 | D:3      | Reached XP level 5. HP: 33/37 MP: 6/8
  2950 | D:4      | Got a bloodstained leather armour
  2962 | D:4      | Identified the cursed +1 leather armour of Summer {rPois
                  | rN++ Dex-2 Stlth+} (You found it on level 4 of the Dungeon)
  2988 | D:4      | Reached skill level 5 in Transmutations
  3043 | D:4      | Reached skill level 5 in Unarmed Combat
  3043 | D:4      | Reached XP level 6. HP: 16/43 MP: 6/9
  3235 | D:4      | Found a burning altar of Makhleb.
  3284 | D:5      | Entered Level 5 of the Dungeon
  3490 | D:5      | Noticed an ice beast
  3724 | D:4      | Reached XP level 7. HP: 39/48 MP: 7/10
  3763 | D:4      | Found Oblim's Assorted Antiques.
  3920 | D:4      | Found a hide-covered altar of Uskayaw.
  4547 | D:5      | Found a blossoming altar of Fedhas.
  4553 | D:5      | Found a stormy altar of Qazlal.
  4936 | D:5      | Found Cyufixow's Antique Armour Shop.
  4944 | D:5      | Bought a glowing hat for 175 gold pieces
  5101 | D:6      | Found an iron altar of Okawaru.
  5112 | D:6      | Became a worshipper of Warmaster Okawaru
  5150 | D:6      | Reached XP level 8. HP: 44/54 MP: 7/11
  5582 | D:6      | Noticed Grinder
  5706 | D:6      | Reached * piety under Okawaru
  5782 | D:6      | Reached skill level 10 in Unarmed Combat
  5789 | D:6      | Learned a level 5 spell: Blade Hands
  6260 | D:7      | Found Iber's Food Emporium.
  6263 | D:7      | Reached skill level 6 in Transmutations
  6278 | D:6      | HP: 2/54 [orc wizard/puff of flame (11)]
  6493 | D:7      | Reached skill level 7 in Transmutations
  6617 | D:7      | Noticed Pikel
  6687 | D:7      | Killed Pikel
  6687 | D:7      | Reached ** piety under Okawaru
  6687 | D:7      | Reached skill level 9 in Transmutations
  6687 | D:7      | Reached XP level 9. HP: 21/59 MP: 8/12
  6942 | D:7      | Reached skill level 10 in Transmutations
  6976 | D:7      | Noticed Harold
  7021 | D:7      | Found a shimmering altar of Xom.
  7231 | D:7      | Learned a level 4 spell: Ice Form
  7257 | D:7      | Noticed a gargoyle
  7318 | D:7      | Found a staircase to the Ecumenical Temple.
  7381 | D:7      | Reached *** piety under Okawaru
  7637 | D:7      | Killed Harold
  7637 | D:7      | Reached skill level 11 in Transmutations
  7971 | D:7      | Killed a gargoyle
  7971 | D:7      | Reached **** piety under Okawaru
  7971 | D:7      | Reached skill level 5 in Dodging
  7971 | D:7      | Reached XP level 10. HP: 57/65 MP: 10/14
  7983 | D:7      | Got a pair of spiked boots
  8019 | D:7      | Identified the +2 pair of boots "Jich" {Int+2} (You found
                  | it on level 7 of the Dungeon)
  8111 | D:8      | Noticed a kobold demonologist
  8122 | D:8      | Noticed a sixfirhy
  8131 | D:8      | HP: 3/65 [sixfirhy[a kobold demonologist] (3)]
  8131 | D:8      | Mangled by a sixfirhy

Skill      XL: |  1  2  3  4  5  6  7  8  9 10 |
---------------+-------------------------------+-----
Unarmed Combat | 4 5 6 8 10 | 10.0
Transmutations | 3 4 5 9 11 | 11.4
Poison Magic   | 1 2 3 |  3.2
Spellcasting   | 3 |  3.1
Ice Magic      | 4 |  4.4
Dodging        | 5 8 |  8.0
Fighting       | |  1.1

Action                   |  1- 3 |  4- 6 |  7- 9 | 10-12 || total
-------------------------+-------+-------+-------+-------++-------
Melee: Unarmed           |   146 |   222 |   345 |    55 ||   768
       Headbutt          |     6 |    10 |     7 |       ||    23
       Punch             |       |     2 |     9 |       ||    11
 Cast: Beastly Appendage |     8 |     9 |    12 |       ||    29
       Spider Form       |       |     4 |     7 |     2 ||    13
       Ice Form          |       |       |     1 |       ||     1
Invok: Heroism           |       |       |     2 |       ||     2
  Use: Scroll            |     4 |     5 |     7 |       ||    16
       Potion            |     2 |     2 |     8 |       ||    12
 Stab: Sleeping          |       |     4 |    13 |       ||    17
  Eat: Chunk             |     2 |     8 |    12 |     1 ||    23
       Ration            |       |       |     1 |       ||     1
Armor: Robe              |    34 |    46 |       |       ||    80
       Leather armour    |       |     9 |    76 |     4 ||    89
       Skin              |       |       |     1 |     2 ||     3
Dodge: Dodged            |    93 |   176 |   190 |    76 ||   535
